 Dungeon Crawl Stone Soup version 0.27.1-1-g398f81649c (webtiles) character file.

Game seed: 17811606399900843949

490 SibleyIrresistible the Zephyrmancer (level 7, 0/36 HPs)
             Began as a Tengu Air Elementalist on Sept 12, 2021.
             Slain by Prince Ribbit (14 damage)
             ... on level 5 of the Dungeon.
             The game lasted 00:19:30 (5373 turns).

SibleyIrresistible the Zephyrmancer (TeAE)          Turns: 5373, Time: 00:19:30

Health: 0/36       AC:  3    Str:  9    XL:     7   Next: 14%
Magic:  8/11       EV: 14    Int: 17    God:
Gold:   154        SH:  0    Dex: 14    Spells: 4/10 levels left

rFire    . . .     SeeInvis .   p - staff of conjuration
rCold    . . .     Faith    .   (no shield)
rNeg     . . .     Spirit   .   a - +0 robe
rPois    .         Reflect  .   (helmet restricted)
rElec    .         Harm     .   r - +0 cloak
rCorr    .         Rampage  .   (no gloves)
Will     .....                  (boots unavailable)
Stlth    ++........             (no amulet)
HPRegen  0.12/turn              (no ring)
MPRegen  0.12/turn              (no ring)

@: flying quickly and evasively, quick
A: beak, talons 3, nimble flight
a: no special abilities


You were on level 5 of the Dungeon.
You visited 1 branch of the dungeon, and saw 5 of its levels.

You collected 154 gold pieces.

Inventory:

Missiles
 g - a throwing net
Armour
 a - a +0 robe (worn)
 r - a +0 cloak (worn)
Magical Staves
 m - a staff of poison
 p - a staff of conjuration (weapon)
 q - a staff of cold
Jewellery
 l - an amulet of regeneration
Scrolls
 c - a scroll of magic mapping {unknown}
 d - 2 scrolls of enchant armour {unknown}
 e - 2 scrolls of acquirement {unknown}
 f - 4 scrolls of identify {unknown}
 k - 2 scrolls of fear {unknown}
 n - a scroll of brand weapon {unknown}
 s - 2 scrolls of enchant weapon {unknown}
 u - a scroll of amnesia {unknown}
 v - a scroll of noise {unknown}
 w - a scroll of blinking {unknown}
Potions
 b - 2 potions of brilliance {unknown}
 h - 3 potions of degeneration {unknown}
 i - 2 potions of flight
 j - 2 potions of heal wounds {unknown}
 o - 2 potions of curing {unknown}
 t - 2 potions of invisibility {unknown}


   Skills:
 - Level 2.1 Dodging
 - Level 2.0 Stealth
 - Level 2.0 Spellcasting
 - Level 1.3 Conjurations
 * Level 10.3 Air Magic


You had 4 spell levels left.
You knew the following spells:

 Your Spells              Type           Power      Damage    Failure   Level
a - Shock                 Conj/Air       100%       1d9       1%          1
b - Swiftness             Air            36%        N/A       1%          3
c - Static Discharge      Conj/Air       32%        N/A       2%          2

Your spell library contained the following spells:

 Spells                   Type           Power      Damage    Failure   Level
 Airstrike                Air            18%        N/A       2%          4
 Beastly Appendage        Tmut           2%         N/A       19%         1
 Wereblood                Tmut           1%         N/A       28%         2
 Spider Form              Tmut/Pois      0%         N/A       50%         3


Dungeon Overview and Level Annotations

Branches:
Dungeon (5/15)
 Temple: D:4-7

Altars:
Makhleb
The Shining One

Shops:
D:3 *

Annotations:
D:5 Prince Ribbit


Innate Abilities, Weirdness & Mutations

You have a beak for a mouth.
You have claws for feet.
Your magical nature lets you fly swiftly and evasively.


Message History

You kill the iguana!
You see here an iguana corpse.
Found 9 gold pieces.
You now have 154 gold pieces (gained 9).
Found a stone staircase leading down.
Found 21 bolts.
Found a long sword.
You see here a +0 long sword.
Prince Ribbit comes into view.
Casting: Shock (safe; 1% risk of failure)
Confirm with . or Enter, or press ? or * to list all spells.
Aiming: Shock (safe; 1% risk of failure)
Press: ? - help, Shift-Dir - straight line, f - Prince Ribbit
Aim: Prince Ribbit (asleep, 100% to hit)
You feel a surge of power!
The zap hits Prince Ribbit!
Prince Ribbit is lightly wounded.
Prince Ribbit gives a loud, deep croak!
Casting: Shock (safe; 1% risk of failure)
Confirm with . or Enter, or press ? or * to list all spells.
Aiming: Shock (safe; 1% risk of failure)
Press: ? - help, Shift-Dir - straight line, p - Prince Ribbit You feel a surge of power!
The zap hits Prince Ribbit.
Prince Ribbit is moderately wounded.
The zap hits Prince Ribbit.
Prince Ribbit is moderately wounded.
Prince Ribbit hits you.
Casting: Shock (safe; 1% risk of failure)
Confirm with . or Enter, or press ? or * to list all spells.
Aiming: Shock (safe; 1% risk of failure)
Press: ? - help, Shift-Dir - straight line You feel a surge of power!
The zap hits Prince Ribbit.
Prince Ribbit is moderately wounded.
The zap hits Prince Ribbit.
Prince Ribbit is heavily wounded.
Prince Ribbit closely misses you. Prince Ribbit hits you!!
Ouch! That really hurt!
It was a potion of flight.
You feel more buoyant. Prince Ribbit hits you!
You die...

### ####### #.#
#.....#
#.#######
#.....#
#...#...#
##.....#
#)#.#...###
.......#
#.#@#.....#
##.....#
#.#.F...#
#.....#
#.###.#.#
#.....##### #.#
.# #.....#...#
#.# .#
###..###.#.# #.#
.#
..........>###.#
.#
......##.......#
.#
......####.#####
##


You could see Prince Ribbit.

Vanquished Creatures
  Eustachio (D:4)
  A scorpion (D:4)
  Terence (D:2)
  3 iguanas
  A scorpion zombie (D:5)
  2 hound zombies (D:5)
  Robin (D:2)
  5 adders
  2 worms (D:2)
  2 dart slugs
  4 orcs (D:3)
  4 bats
  7 endoplasms
  3 giant cockroaches
  7 goblins
  6 hobgoblins
  2 quokkas
  6 ball pythons
  3 frilled lizards
  5 kobolds
  6 rats
72 creatures vanquished.

Vanquished Creatures (others)
  2 plants (D:5)
2 creatures vanquished.

Grand Total: 74 creatures vanquished

Notes
Turn   | Place    | Note
-------+----------+-------------------------------------------
     0 | D:1      | SibleyIrresistible the Tengu Air Elementalist began the
                  | quest for the Orb.
     0 | D:1      | Reached XP level 1. HP: 10/10 MP: 4/4
   364 | D:1      | Reached XP level 2. HP: 15/15 MP: 3/6
   507 | D:1      | Found a faded altar of an unknown god.
   635 | D:1      | Reached skill level 5 in Air Magic
  1316 | D:2      | Reached XP level 3. HP: 19/19 MP: 0/7
  1480 | D:2      | Found a burning altar of Makhleb.
  1636 | D:2      | Reached skill level 6 in Air Magic
  1951 | D:2      | Identified the +0 helmet of Pug Ysec {+Blink Int+8}
  1951 | D:2      | Noticed Robin
  1961 | D:2      | Killed Robin
  1962 | D:2      | Reached XP level 4. HP: 22/24 MP: 3/8
  2411 | D:2      | Noticed Terence
  2423 | D:2      | Killed Terence
  2424 | D:2      | Reached skill level 7 in Air Magic
  2634 | D:3      | Gained mutation: Your magical nature lets you fly swiftly
                  | and evasively. [Tengu growth]
  2634 | D:3      | Reached XP level 5. HP: 28/28 MP: 4/9
  2883 | D:3      | Found Qixaceb's General Store.
  3453 | D:3      | Learned a level 3 spell: Swiftness
  3456 | D:3      | Learned a level 2 spell: Static Discharge
  4029 | D:4      | Reached skill level 8 in Air Magic
  4233 | D:4      | Found a glowing golden altar of the Shining One.
  4497 | D:4      | Reached XP level 6. HP: 29/32 MP: 3/10
  4562 | D:4      | Noticed Eustachio
  4571 | D:4      | Killed Eustachio
  4572 | D:4      | Reached skill level 9 in Air Magic
  4782 | D:5      | Entered Level 5 of the Dungeon
  4893 | D:5      | Reached skill level 10 in Air Magic
  4893 | D:5      | Reached XP level 7. HP: 22/36 MP: 2/11
  5368 | D:5      | Noticed Prince Ribbit
  5373 | D:5      | Slain by Prince Ribbit

Illustrated notes

Levels and vault maps discovered:
D:1:      lightli_arrival_chessboard, layout_loops_corners,
          shapermc_ecumenical_altar_acropolis
D:2:      layout_basic, basic_altar, uniq_robin, uniq_terence
D:3:      layout_basic, serial_shops, shop
D:4:      layout_basic, nicolae_tso_swordbearing_angel,
          kennysheep_generic_room_11, uniq_eustachio
D:5:      layout_basic, okawaru_trees_2, serial_shops,
          nicolae_shop_window_shopping, nicolae_sextant, serial_bayou_pond_a,
          uniq_prince_ribbit1

Skill      XL: |  1  2  3  4  5  6 |
---------------+-------------------+-----
Air Magic      | 5 6 7 8 10 | 10.3
Dodging        | |  2.1
Stealth        | |  2.0
Spellcasting   | |  2.0
Conjurations   | |  1.3

Action                   |  1- 3 |  4- 6 |  7- 9 || total
-------------------------+-------+-------+-------++-------
Melee: Unarmed           |    21 |    14 |       ||    35
       Peck              |     1 |     4 |       ||     5
       Kick              |     2 |     6 |       ||     8
       Staff             |       |     8 |       ||     8
 Cast: Shock             |    64 |   104 |    13 ||   181
  Use: Potion            |       |       |     1 ||     1
 Stab: Sleeping          |     1 |     1 |       ||     2
Armor: Robe              |    10 |     8 |       ||    18
Dodge: Dodged            |    23 |    39 |     1 ||    63
